[Event "42nd Olympiad Baku 2016 Women"]
[Site "Baku"]
[Date "2016.09.05"]
[Round "4.23"]
[White "Rivera, Ingris"]
[Black "Linares Napoles, Oleiny"]
[Result "1/2-1/2"]
[ECO "E10"]
[WhiteElo "2201"]
[BlackElo "2276"]
[Annotator ""]
[PlyCount "90"]
[EventDate "2016.??.??"]
[EventCountry "AZE"]
[SourceTitle "playchess.com"]
[Source "ChessBase"]
[WhiteTeam "Colombia"]
[BlackTeam "Cuba"]
[WhiteTeamCountry "COL"]
[BlackTeamCountry "CUB"]
[TimeControl "40/5400+30:1800+30"]

1. d4 {(00:00)} Nf6 {(00:00)} 2. c4 {(00:00)} e6 {(
00:00)} 3. Nf3 {(00:00)} c5 {(00:00)} 4. Nc3 {(00:20)}
cxd4 {(02:37)} 5. Nxd4 {(00:06)} Bb4 {(04:15)} 6. Qc2 {
(03:31)} Bc5 {(04:57)} 7. e3 {(02:49)} a6 {(02:18)}
8. Be2 {(00:50)} Qc7 {(02:51)} 9. O-O {(00:53)} O-O {
(02:10)} 10. a3 {(00:44)} b6 {(02:36)} 11. Bf3 {(
03:21)} Bb7 {(00:19)} 12. Bxb7 {(03:52)} Qxb7 {(00:03)}
13. b3 {(01:12)} Rc8 {(01:53)} 14. Bb2 {(01:53)} Nc6 {
(07:42)} 15. Nf3 {(00:56)} Ne7 {(02:59)} 16. Rfd1 {
(12:13)} Ng6 {(12:34)} 17. Qe2 {(07:07)} Be7 {(07:
09)} 18. Rd2 {(01:47)} Rab8 {(08:10)} 19. Rad1 {(04:37)}
b5 {(01:30)} 20. cxb5 {(01:10)} axb5 {(00:08)} 21. b4 {
(00:45)} e5 {(05:41)} 22. h4 {(04:10)} d6 {(04:05)}
23. h5 {(14:18)} Nxh5 {(09:43)} 24. Rd5 {(01:55)} Nf6 {
(03:07)} 25. Rxb5 {(00:23)} Qa8 {(01:15)} 26. Rxb8 {
(09:55)} Rxb8 {(01:26)} 27. b5 {(01:22)} d5 {(02:
11)} 28. a4 {(01:03)} Bc5 {(00:46)} 29. Qc2 {(01:15)} Bb6
{(05:26)} 30. Qb3 {(02:51)} Rd8 {(01:12)} 31. Na2 {
(00:21)} Ne4 {(02:07)} 32. Nxe5 {(03:39)} Nc5 {(00:
33)} 33. Qa3 {(05:21)} Qxa4 {(01:01)} 34. Qxa4 {(00:12)}
Nxa4 {(00:01)} 35. Ba1 {(00:24)} Nxe5 {(00:43)} 36. Bxe5 {
(00:04)} f6 {(00:35)} 37. Bd4 {(02:09)} Rc8 {(00:
50)} 38. Nb4 {(01:42)} Bxd4 {(01:15)} 39. Rxd4 {(01:25)}
Nc3 {(00:56)} 40. Nxd5 {(00:00)} Ne2+ {(00:00)} 41. Kh2 {
(04:09)} Nxd4 {(00:13)} 42. Ne7+ {(00:04)} Kf7 {(
00:04)} 43. Nxc8 {(00:04)} Nxb5 {(00:07)} 44. Nb6 {(00:14]
} Ke6 {(00:10)} 45. Nc4 {(00:16)} Kd5 {(00:17)} 1/2-1/2

[Event "42nd Olympiad Baku 2016 Women"]
[Site "Baku"]
[Date "2016.09.05"]
[Round "4.21"]
[White "Rodriguez Rueda, Paula Andrea"]
[Black "Arribas Robaina, Maritza"]
[Result "1/2-1/2"]
[ECO "D46"]
[WhiteElo "2326"]
[BlackElo "2315"]
[Annotator ""]
[PlyCount "108"]
[EventDate "2016.??.??"]
[EventCountry "AZE"]
[SourceTitle "playchess.com"]
[Source "ChessBase"]
[WhiteTeam "Colombia"]
[BlackTeam "Cuba"]
[WhiteTeamCountry "COL"]
[BlackTeamCountry "CUB"]
[TimeControl "40/5400+30:1800+30"]

1. d4 {(00:00)} Nf6 {(00:00)} 2. Nf3 {(00:00)} e6 {
(00:00)} 3. c4 {(00:29)} d5 {(00:05)} 4. Nc3 {(00:
19)} c6 {(00:20)} 5. e3 {(00:33)} Nbd7 {(01:05)} 6. Bd3 {
(00:48)} Bd6 {(01:12)} 7. O-O {(00:14)} O-O {(01:
14)} 8. b3 {(03:21)} Re8 {(02:27)} 9. Bb2 {(01:57)} a6 {
(04:30)} 10. h3 {(01:55)} b5 {(01:43)} 11. a3 {(10:
41)} bxc4 {(05:34)} 12. bxc4 {(00:06)} dxc4 {(00:38)} 13.
Bxc4 {(00:11)} c5 {(01:17)} 14. e4 {(09:25)} cxd4 {
(01:53)} 15. Qxd4 {(00:57)} Bc5 {(02:08)} 16. Qd3 {
(00:51)} Qc7 {(00:40)} 17. e5 {(07:54)} Nh5 {(14:
27)} 18. Ng5 {(08:12)} Nf8 {(02:58)} 19. Qf3 {(10:28)} Rb8
{(01:25)} 20. Na4 {(04:58)} g6 {(07:13)} 21. Bc3 {(
11:25)} Ba7 {(05:04)} 22. Rac1 {(21:32)} Bb7 {(03:46)} 23.
Qg4 {(00:11)} Qc6 {(02:34)} 24. Nb2 {(01:42)} Nf4 {
(07:15)} 25. Nf3 {(00:14)} Qe4 {(03:11)} 26. Rfe1 {
(01:26)} Qf5 {(02:31)} 27. Qxf5 {(01:07)} gxf5 {(
01:02)} 28. Be2 {(02:09)} Nxe2+ {(04:42)} 29. Rxe2 {(00:
01)} Rec8 {(01:59)} 30. Ne1 {(00:58)} Be4 {(01:06)} 31.
Bd2 {(00:35)} Rxc1 {(06:01)} 32. Bxc1 {(00:01)} Ng6 {
(01:21)} 33. Kh2 {(00:37)} Bd4 {(01:56)} 34. f3 {(
00:49)} Bxe5+ {(01:50)} 35. Kh1 {(00:29)} Bd5 {(00:11)}
36. Ned3 {(00:21)} Bd6 {(00:15)} 37. a4 {(00:45)} Rc8 {
(01:57)} 38. Be3 {(00:24)} Rc3 {(01:28)} 39. Bd4 {(
00:43)} Rc8 {(02:14)} 40. Be3 {(00:00)} f6 {(00:00)} 41.
Kg1 {(04:12)} Kf7 {(02:43)} 42. Kf2 {(01:32)} Bb3 {
(01:51)} 43. Nc1 {(04:51)} Bc2 {(02:25)} 44. Rd2 {(
06:24)} Ba3 {(02:20)} 45. Ncd3 {(03:53)} Ne5 {(09:27)} 46.
Nxe5+ {(02:17)} fxe5 {(00:06)} 47. Nd3 {(00:34)} Kf6 {
(02:28)} 48. Nxe5 {(01:25)} Bxa4 {(03:59)} 49. Nd7+ {
(01:05)} Bxd7 {(00:35)} 50. Rxd7 {(00:01)} Rc2+ {(
01:59)} 51. Kf1 {(00:29)} Kg6 {(02:27)} 52. Ra7 {(00:37)}
Rc6 {(01:07)} 53. Bd4 {(00:42)} Bf8 {(00:04)} 54. Be5 {
(02:55)} Rc1+ {(05:22)} 1/2-1/2

[Event "42nd Olympiad Baku 2016 Women"]
[Site "Baku"]
[Date "2016.09.05"]
[Round "4.32"]
[White "Rojas, Montserrat"]
[Black "Phitchayarom, Ruja"]
[Result "1-0"]
[ECO "A48"]
[WhiteElo "1561"]
[BlackElo "1584"]
[Annotator ""]
[PlyCount "63"]
[EventDate "2016.??.??"]
[EventCountry "AZE"]
[SourceTitle "playchess.com"]
[Source "ChessBase"]
[WhiteTeam "Paraguay"]
[BlackTeam "Thailand"]
[WhiteTeamCountry "PAR"]
[BlackTeamCountry "THA"]
[TimeControl "40/5400+30:1800+30"]

1. d4 {(00:00)} Nf6 {(00:00)} 2. Nf3 {(00:00)} g6 {
(00:00)} 3. e3 {(00:09)} Bg7 {(00:05)} 4. Bd3 {(00:
41)} O-O {(00:17)} 5. b3 {(00:40)} d5 {(00:28)} 6. Bb2 {
(00:29)} b6 {(02:21)} 7. Nbd2 {(00:15)} Bb7 {(01:
30)} 8. O-O {(01:13)} Nbd7 {(00:33)} 9. Ne5 {(09:47)} Nxe5
{(01:32)} 10. dxe5 {(00:11)} Nd7 {(01:09)} 11. f4 {
(01:15)} e6 {(02:00)} 12. Rf3 {(13:06)} c5 {(03:17]
} 13. Rh3 {(00:45)} Nb8 {(01:57)} 14. Nf3 {(02:28)} h5 {
(03:26)} 15. Ng5 {(01:49)} Re8 {(27:51)} 16. g4 {(
19:22)} hxg4 {(01:50)} 17. Qxg4 {(00:20)} Bc8 {(17:45)}
18. Nh7 {(06:18)} Nd7 {(05:47)} 19. Bb5 {(01:47)} Re7 {
(04:25)} 20. Bxd7 {(01:41)} Bxd7 {(00:18)} 21. Nf6+ {
(00:14)} Kf8 {(01:07)} 22. Qh4 {(00:58)} Bb5 {(10:
51)} 23. Qh7 {(00:32)} Rc7 {(00:49)} 24. Qg8+ {(01:08)}
Ke7 {(00:08)} 25. Qxg7 {(00:09)} c4 {(01:24)} 26. Ba3+ {
(00:14)} Rc5 {(01:01)} 27. Bxc5+ {(00:16)} bxc5 {(
00:05)} 28. Rh7 {(04:14)} Be8 {(00:18)} 29. Nxe8 {(00:14)}
Qxe8 {(00:13)} 30. Qf6+ {(00:05)} Kd7 {(00:17)} 31. Rxf7+
{(00:34)} Kc6 {(00:30)} 32. Re7 {(00:54)} 1-0

[Event "42nd Olympiad Baku 2016 Women"]
[Site "Baku"]
[Date "2016.09.05"]
[Round "4.7"]
[White "Romero Echeverria, Abigail"]
[Black "Hng, Mei-En Emmanuelle"]
[Result "0-1"]
[ECO "B40"]
[WhiteElo "2106"]
[BlackElo "1883"]
[Annotator ""]
[PlyCount "106"]
[EventDate "2016.??.??"]
[EventCountry "AZE"]
[SourceTitle "playchess.com"]
[Source "ChessBase"]
[WhiteTeam "Ecuador"]
[BlackTeam "Singapore"]
[WhiteTeamCountry "ECU"]
[BlackTeamCountry "SIN"]
[TimeControl "40/5400+30:1800+30"]

1. e4 {(00:00)} c5 {(00:00)} 2. Nf3 {(00:04)} e6 {(
00:14)} 3. c3 {(00:57)} Nf6 {(01:14)} 4. e5 {(00:10)} Nd5
{(00:21)} 5. d4 {(00:16)} Nc6 {(00:44)} 6. Bc4 {(
04:27)} Nb6 {(01:19)} 7. Bd3 {(00:41)} cxd4 {(01:46)} 8.
cxd4 {(00:39)} d5 {(02:40)} 9. Nc3 {(01:20)} Be7 {(
04:31)} 10. O-O {(00:32)} Bd7 {(00:39)} 11. Qe2 {(03:04)}
O-O {(01:42)} 12. h4 {(11:10)} Bxh4 {(11:13)} 13. g3 {
(00:04)} Be7 {(00:12)} 14. Kg2 {(00:04)} f6 {(05:
21)} 15. exf6 {(02:07)} Bxf6 {(01:01)} 16. Rh1 {(08:10)}
g6 {(04:47)} 17. Be3 {(12:12)} Qe7 {(13:34)} 18. Rh6 {
(30:41)} Rf7 {(21:42)} 19. Rah1 {(13:23)} e5 {(04:
47)} 20. Bxg6 {(03:56)} hxg6 {(00:18)} 21. Bg5 {(00:07)}
Bg4 {(11:26)} 22. Rxg6+ {(03:06)} Bg7 {(00:07)} 23. Bxe7 {
(02:20)} Bxf3+ {(00:08)} 24. Qxf3 {(00:23)} Rxf3 {(
00:20)} 25. Kxf3 {(00:05)} Nxe7 {(01:29)} 26. Rg5 {(00:28]
} exd4 {(03:18)} 27. Ne2 {(00:34)} Rf8+ {(04:09)} 28. Kg2
{(00:06)} Rf5 {(00:36)} 29. Rg4 {(00:01)} Nc6 {(01:
21)} 30. Nf4 {(00:26)} Ne5 {(00:44)} 31. Rgh4 {(00:56)}
Nec4 {(01:02)} 32. Nd3 {(01:22)} Nd2 {(01:10)} 33. f4 {
(01:39)} Nbc4 {(01:08)} 34. g4 {(00:51)} Ne3+ {(00:
26)} 35. Kf2 {(00:29)} Ne4+ {(00:08)} 36. Kf3 {(00:21)}
Rf7 {(00:36)} 37. Rc1 {(00:17)} Nc4 {(00:32)} 38. b3 {
(00:33)} Ne5+ {(00:19)} 39. Nxe5 {(00:46)} Bxe5 {(
00:00)} 40. Rc8+ {(00:00)} Kg7 {(00:00)} 41. f5 {(03:09)}
Rc7 {(00:00)} 42. Rxc7+ {(02:12)} Bxc7 {(00:04)} 43. Ke2 {
(03:32)} Bg3 {(03:35)} 44. Rh5 {(03:25)} Be5 {(00:
52)} 45. Kd1 {(04:50)} d3 {(02:41)} 46. g5 {(04:09)} Bf4 {
(01:41)} 47. f6+ {(04:44)} Kg8 {(01:23)} 48. g6 {(
03:44)} Nc3+ {(02:22)} 49. Ke1 {(00:01)} d2+ {(00:10)} 50.
Kf2 {(00:04)} d1=Q {(00:46)} 51. f7+ {(00:04)} Kg7 {
(00:14)} 52. Rh7+ {(01:43)} Kxg6 {(00:24)} 53. f8=Q {
(00:10)} Ne4+ {(00:52)} 0-1

[Event "42nd Olympiad Baku 2016 Women"]
[Site "Baku"]
[Date "2016.09.05"]
[Round "4.9"]
[White "Sanchez Castillo, Sarai Carolina"]
[Black "Cori T, Deysi"]
[Result "1/2-1/2"]
[ECO "B41"]
[WhiteElo "2182"]
[BlackElo "2402"]
[Annotator ""]
[PlyCount "128"]
[EventDate "2016.??.??"]
[EventCountry "AZE"]
[SourceTitle "playchess.com"]
[Source "ChessBase"]
[WhiteTeam "Venezuela"]
[BlackTeam "Peru"]
[WhiteTeamCountry "VEN"]
[BlackTeamCountry "PER"]
[TimeControl "40/5400+30:1800+30"]

1. e4 {(00:00)} e6 {(00:00)} 2. d4 {(00:00)} c5 {(
00:03)} 3. Nf3 {(01:25)} cxd4 {(00:18)} 4. Nxd4 {(00:35)}
a6 {(00:21)} 5. Be2 {(00:26)} Nf6 {(00:38)} 6. Nc3 {
(01:51)} Bb4 {(00:17)} 7. Qd3 {(01:09)} d5 {(00:53]
} 8. exd5 {(10:22)} e5 {(08:26)} 9. Nb3 {(05:59)} Nxd5 {
(02:39)} 10. Qg3 {(10:19)} O-O {(01:26)} 11. O-O {(
03:57)} Bxc3 {(01:20)} 12. bxc3 {(07:12)} Qf6 {(00:06)}
13. Bg5 {(07:44)} Qf5 {(05:47)} 14. f4 {(15:28)} Nc6 {
(13:59)} 15. Bc4 {(13:10)} Be6 {(07:45)} 16. Bxd5 {
(13:05)} Bxd5 {(00:25)} 17. fxe5 {(02:17)} Qxe5 {(
00:22)} 18. Bf4 {(01:22)} Qh5 {(04:22)} 19. Rad1 {(02:21)}
Be6 {(13:06)} 20. Nd4 {(00:42)} Nxd4 {(01:59)} 21. Rxd4 {
(00:31)} Qg6 {(02:00)} 22. Qf2 {(00:31)} Rfe8 {(03:
55)} 23. a4 {(00:16)} Rac8 {(01:47)} 24. Qd2 {(00:44)} Bc4
{(02:44)} 25. Re1 {(00:29)} Rxe1+ {(03:08)} 26. Qxe1 {
(00:02)} h6 {(00:14)} 27. Qd1 {(00:57)} Kh7 {(00:
58)} 28. Be5 {(00:28)} Qf5 {(01:43)} 29. Bg3 {(00:36)} Rc6
{(02:21)} 30. Rf4 {(00:13)} Qd5 {(09:46)} 31. Rd4 {
(00:29)} Qe6 {(00:04)} 32. Bf2 {(00:41)} Qf5 {(05:
52)} 33. Rg4 {(00:37)} Rf6 {(02:29)} 34. Qf3 {(00:13)}
Qxc2 {(01:42)} 35. Qe4+ {(00:08)} Qxe4 {(00:05)} 36. Rxe4
{(00:01)} Bd5 {(00:57)} 37. Re5 {(00:58)} Bc6 {(00:
58)} 38. a5 {(00:12)} Rg6 {(01:29)} 39. Bg3 {(00:24)} Rg4
{(00:53)} 40. Re2 {(00:00)} Rc4 {(00:00)} 41. Be1 {
(10:05)} Ra4 {(02:54)} 42. c4 {(05:54)} Rxc4 {(00:
06)} 43. h3 {(00:04)} Rc5 {(02:16)} 44. Kh2 {(05:09)} Kg6
{(01:31)} 45. h4 {(06:41)} Rc1 {(01:45)} 46. Re5 {(
01:02)} Rc2 {(00:28)} 47. Kg3 {(01:53)} Rxg2+ {(00:21)}
48. Kf4 {(00:02)} f6 {(03:05)} 49. Re7 {(01:24)} h5 {
(00:52)} 50. Bg3 {(01:38)} Rg1 {(13:27)} 51. Bf2 {(
01:52)} Rg4+ {(02:48)} 52. Ke3 {(00:01)} Kf5 {(00:06)} 53.
Kd3 {(01:00)} g6 {(00:56)} 54. Re1 {(01:03)} Ra4 {(
00:40)} 55. Bd4 {(00:54)} Bb5+ {(00:15)} 56. Kc3 {(00:42)}
Rxa5 {(01:59)} 57. Re7 {(00:34)} Ra3+ {(00:43)} 58. Kb4 {
(00:20)} Rh3 {(01:09)} 59. Rxb7 {(00:46)} Rxh4 {(
00:09)} 60. Kc5 {(00:01)} Re4 {(02:37)} 61. Rb8 {(00:28)}
h4 {(00:55)} 62. Rh8 {(00:23)} g5 {(00:09)} 63. Kd5 {
(00:13)} Re6 {(00:36)} 64. Rc8 {(01:18)} Bc6+ {(00:
45)} 1/2-1/2

[Event "42nd Olympiad Baku 2016 Women"]
[Site "Baku"]
[Date "2016.09.05"]
[Round "4.14"]
[White "Saric, Kristina"]
[Black "Bejatovic, Bojana"]
[Result "1-0"]
[ECO "B04"]
[WhiteElo "2201"]
[BlackElo "2063"]
[Annotator ""]
[PlyCount "117"]
[EventDate "2016.??.??"]
[EventCountry "AZE"]
[SourceTitle "playchess.com"]
[Source "ChessBase"]
[WhiteTeam "Croatia"]
[BlackTeam "Macedonia"]
[WhiteTeamCountry "CRO"]
[BlackTeamCountry "MKD"]
[TimeControl "40/5400+30:1800+30"]

1. e4 {(00:00)} Nf6 {(00:00)} 2. e5 {(00:00)} Nd5 {
(00:00)} 3. d4 {(00:00)} d6 {(00:00)} 4. Nf3 {(00:
17)} dxe5 {(00:20)} 5. Nxe5 {(00:36)} c6 {(00:11)} 6. c4 {
(12:01)} Nb4 {(04:16)} 7. Be3 {(04:06)} Bf5 {(02:
36)} 8. Bd3 {(08:17)} Nxd3+ {(04:18)} 9. Nxd3 {(00:04)}
Nd7 {(01:32)} 10. O-O {(01:50)} e6 {(02:15)} 11. Nc3 {
(05:28)} Bd6 {(02:14)} 12. f4 {(05:48)} Nf6 {(04:
49)} 13. Nf2 {(12:06)} h5 {(09:53)} 14. Qf3 {(14:21)} Ng4
{(12:26)} 15. Nfe4 {(03:02)} Bc7 {(03:42)} 16. h3 {
(01:59)} Nxe3 {(02:15)} 17. Qxe3 {(00:04)} Qe7 {(
01:25)} 18. Rad1 {(04:23)} O-O {(12:32)} 19. Ng5 {(11:15)}
Rad8 {(10:52)} 20. Nce4 {(03:17)} f6 {(01:05)} 21. Nf3 {
(00:13)} Rfe8 {(07:51)} 22. Rfe1 {(01:30)} Qb4 {(
02:46)} 23. b3 {(02:33)} Qa5 {(04:23)} 24. Kh1 {(02:33)}
e5 {(01:09)} 25. fxe5 {(00:56)} fxe5 {(00:52)} 26. Neg5 {
(01:24)} g6 {(03:00)} 27. c5 {(02:04)} e4 {(01:59)}
28. Nd2 {(01:21)} Bb8 {(03:02)} 29. Ndxe4 {(01:43)} Kg7 {
(00:01)} 30. Qf2 {(00:32)} Qc7 {(01:21)} 31. Nd6 {(
00:25)} Rxe1+ {(01:16)} 32. Rxe1 {(00:14)} Rxd6 {(00:26)}
33. cxd6 {(00:13)} Qxd6 {(00:00)} 34. Nf3 {(00:22)} Bc7 {
(01:31)} 35. Qe3 {(00:42)} Bd8 {(00:29)} 36. Qe5+ {
(01:01)} Qf6 {(00:01)} 37. Qxf6+ {(00:32)} Bxf6 {(
00:14)} 38. Kg1 {(00:41)} Kf8 {(00:36)} 39. Ne5 {(00:18)}
Be7 {(00:52)} 40. g4 {(00:00)} hxg4 {(00:00)} 41. hxg4 {
(01:05)} Bc2 {(02:15)} 42. Kg2 {(04:15)} g5 {(03:
51)} 43. Kf3 {(05:46)} Bb4 {(01:14)} 44. Rc1 {(01:08)} Bh7
{(00:12)} 45. Nd7+ {(02:11)} Ke7 {(03:07)} 46. Nc5 {
(00:33)} Kd6 {(03:15)} 47. Nxb7+ {(03:56)} Kd5 {(
00:23)} 48. Nc5 {(00:10)} Bd2 {(02:21)} 49. Rd1 {(01:22)}
Bc3 {(00:30)} 50. Rh1 {(01:05)} Bc2 {(01:09)} 51. Rc1 {
(00:57)} Bxd4 {(00:09)} 52. Rxc2 {(00:08)} Bxc5 {(
00:04)} 53. Rh2 {(01:03)} Bd6 {(00:39)} 54. Rh7 {(00:20)}
a5 {(00:40)} 55. Rf7 {(01:10)} Kd4 {(00:43)} 56. Rf6 {
(00:27)} Kc5 {(01:00)} 57. Ke4 {(00:36)} Be7 {(00:
10)} 58. Rf7 {(00:26)} Bd8 {(00:20)} 59. a3 {(01:16] Kd5+}
1-0

[Event "42nd Olympiad Baku 2016 Women"]
[Site "Baku"]
[Date "2016.09.05"]
[Round "4.3"]
[White "Shabanaj, Alda"]
[Black "Alymbay Kyzy, Aizhan"]
[Result "1-0"]
[ECO "D10"]
[WhiteElo "1881"]
[BlackElo "1913"]
[Annotator ""]
[PlyCount "103"]
[EventDate "2016.??.??"]
[EventCountry "AZE"]
[SourceTitle "playchess.com"]
[Source "ChessBase"]
[WhiteTeam "Albania"]
[BlackTeam "Kyrgyzstan"]
[WhiteTeamCountry "ALB"]
[BlackTeamCountry "KGZ"]
[TimeControl "40/5400+30:1800+30"]

1. d4 {(00:00)} d5 {(00:00)} 2. c4 {(00:00)} c6 {(
00:00)} 3. Nc3 {(00:10)} Nf6 {(00:00)} 4. cxd5 {(00:47)}
cxd5 {(00:00)} 5. Nf3 {(00:48)} Bg4 {(05:12)} 6. Ne5 {
(00:49)} Bf5 {(02:43)} 7. Qb3 {(02:52)} Nc6 {(10:
03)} 8. e3 {(01:22)} Rb8 {(15:32)} 9. Bb5 {(00:38)} Qd6 {
(01:17)} 10. Nxc6 {(01:45)} bxc6 {(01:45)} 11. Bxc6+ {
(00:06)} Kd8 {(00:31)} 12. Qa4 {(00:07)} Rb6 {(10:
18)} 13. Bb5 {(00:20)} Qb8 {(03:04)} 14. Qa5 {(02:40)} e6
{(02:42)} 15. O-O {(04:10)} Bd6 {(05:25)} 16. Na4 {
(03:40)} Bb4 {(00:25)} 17. Qxb4 {(00:48)} Rxb5 {(
00:03)} 18. Qd2 {(02:37)} Ng4 {(02:52)} 19. g3 {(00:10)}
h5 {(00:47)} 20. Nc3 {(03:14)} Rb7 {(00:31)} 21. f3 {
(05:22)} Nf6 {(02:27)} 22. b3 {(00:32)} Bh3 {(03:
47)} 23. Rf2 {(00:15)} Rh6 {(07:30)} 24. e4 {(02:47)} Rg6
{(01:26)} 25. e5 {(01:46)} h4 {(04:11)} 26. Qf4 {(
00:24)} hxg3 {(01:50)} 27. hxg3 {(00:10)} Bf5 {(13:22)}
28. exf6 {(00:37)} Rxg3+ {(00:41)} 29. Rg2 {(04:14)} Rxg2+
{(01:18)} 30. Kxg2 {(00:07)} gxf6 {(00:14)} 31. Qxb8+ {
(01:35)} Rxb8 {(00:09)} 32. Ba3 {(00:12)} Kd7 {(00:
20)} 33. Rh1 {(02:37)} Rc8 {(00:15)} 34. Bc5 {(01:24)} Bg6
{(01:42)} 35. a4 {(05:11)} Bc2 {(02:47)} 36. b4 {(
00:08)} a6 {(01:09)} 37. b5 {(02:21)} axb5 {(00:27)} 38.
axb5 {(00:06)} Bd3 {(00:25)} 39. b6 {(00:21)} Kc6 {
(00:08)} 40. Ra1 {(00:00)} e5 {(00:00)} 41. Ra7 {(
01:00)} Bg6 {(02:57)} 42. Na2 {(03:49)} exd4 {(02:07)} 43.
Bxd4 {(00:05)} Rb8 {(01:13)} 44. Nb4+ {(00:32)} Kd6 {
(01:05)} 45. Na6 {(00:26)} Rg8 {(00:06)} 46. Kf2 {(
00:42)} Bd3 {(00:12)} 47. Nc5 {(02:37)} Bc4 {(07:42)} 48.
b7 {(00:51)} Rb8 {(01:48)} 49. Ra8 {(00:05)} Kc7 {(
00:05)} 50. Rxb8 {(00:05)} Kxb8 {(00:08)} 51. Bxf6 {(00:
06)} Ka7 {(01:08)} 52. Be5 {(00:08)} 1-0

[Event "42nd Olympiad Baku 2016 Women"]
[Site "Baku"]
[Date "2016.09.05"]
[Round "4.1"]
[White "Shabanaj, Eglantina"]
[Black "Samaganova, Alexandra"]
[Result "1/2-1/2"]
[ECO "A04"]
[WhiteElo "1932"]
[BlackElo "2048"]
[Annotator ""]
[PlyCount "62"]
[EventDate "2016.??.??"]
[EventCountry "AZE"]
[SourceTitle "playchess.com"]
[Source "ChessBase"]
[WhiteTeam "Albania"]
[BlackTeam "Kyrgyzstan"]
[WhiteTeamCountry "ALB"]
[BlackTeamCountry "KGZ"]
[TimeControl "40/5400+30:1800+30"]

1. Nf3 {(00:00)} c5 {(00:00)} 2. g3 {(00:00)} Nc6 {
(00:01)} 3. Bg2 {(00:00)} g6 {(01:19)} 4. O-O {(00:
17)} Bg7 {(00:07)} 5. e4 {(00:30)} e6 {(05:10)} 6. d3 {
(01:18)} Nge7 {(02:31)} 7. c3 {(00:28)} d5 {(10:54]
} 8. Nbd2 {(02:45)} O-O {(01:30)} 9. Qc2 {(01:08)} Rb8 {
(04:25)} 10. Re1 {(04:05)} b5 {(04:46)} 11. Nb3 {(
04:37)} c4 {(16:19)} 12. Nc5 {(01:10)} cxd3 {(11:53)} 13.
Qxd3 {(02:35)} d4 {(08:29)} 14. e5 {(04:36)} dxc3 {
(05:49)} 15. Qxd8 {(01:22)} Rxd8 {(01:37)} 16. bxc3 {
(01:02)} Rd5 {(04:22)} 17. Ba3 {(06:47)} a5 {(07:
57)} 18. Rad1 {(06:01)} b4 {(01:54)} 19. Rxd5 {(01:06)}
Nxd5 {(00:32)} 20. cxb4 {(03:09)} axb4 {(00:44)} 21. Bb2 {
(01:01)} Ra8 {(01:24)} 22. Ra1 {(03:29)} Na5 {(03:
27)} 23. Nd2 {(06:00)} Ra7 {(01:45)} 24. f4 {(16:13)} Rc7
{(00:40)} 25. Rc1 {(05:16)} Bf8 {(00:22)} 26. Nde4 {
(05:06)} Nc3 {(01:18)} 27. Bxc3 {(00:39)} Bxc5+ {(
00:18)} 28. Nxc5 {(00:08)} Rxc5 {(00:12)} 29. Bd2 {(00:11]
} Rxc1+ {(00:46)} 30. Bxc1 {(00:15)} b3 {(01:25)} 31. axb3
{(00:10)} Nxb3 1/2-1/2

[Event "42nd Olympiad Baku 2016 Women"]
[Site "Baku"]
[Date "2016.09.05"]
[Round "4.21"]
[White "shaikha Abdallah Aldhaheri"]
[Black "Tsiganova, Monika"]
[Result "1/2-1/2"]
[ECO "E62"]
[WhiteElo "1495"]
[BlackElo "2095"]
[Annotator ""]
[PlyCount "103"]
[EventDate "2016.??.??"]
[EventCountry "AZE"]
[SourceTitle "playchess.com"]
[Source "ChessBase"]
[WhiteTeam "United Arab Emirates"]
[BlackTeam "Estonia"]
[WhiteTeamCountry "UAE"]
[BlackTeamCountry "EST"]
[TimeControl "40/5400+30:1800+30"]

1. d4 {(00:00)} Nf6 {(00:00)} 2. c4 {(00:09)} g6 {(
00:18)} 3. Nf3 {(00:30)} Bg7 {(00:09)} 4. g3 {(00:19)} O-O
{(00:34)} 5. Bg2 {(00:32)} d6 {(01:17)} 6. O-O {(
01:15)} Nc6 {(01:26)} 7. Nc3 {(04:33)} e5 {(00:15)} 8.
dxe5 {(08:49)} dxe5 {(01:20)} 9. e4 {(05:49)} Bg4 {
(15:59)} 10. h3 {(09:08)} Bxf3 {(02:56)} 11. Bxf3 {
(01:03)} Nd4 {(02:20)} 12. Bg2 {(05:41)} c6 {(01:
17)} 13. Be3 {(02:38)} Qe7 {(08:36)} 14. b3 {(11:21)} Rfd8
{(01:04)} 15. Qc1 {(01:14)} Qb4 {(07:13)} 16. Kh2 {
(04:40)} Nd7 {(07:43)} 17. Rd1 {(04:48)} Nc5 {(05:
08)} 18. Rb1 {(05:03)} Nce6 {(03:19)} 19. a3 {(02:06)} Qe7
{(00:10)} 20. b4 {(02:02)} a5 {(00:47)} 21. Qb2 {(
03:42)} a4 {(06:57)} 22. Kh1 {(05:45)} f5 {(05:43)} 23.
Ne2 {(04:24)} Nxe2 {(02:07)} 24. Qxe2 {(00:50)} f4 {
(00:21)} 25. gxf4 {(03:54)} exf4 {(00:30)} 26. Bb6 {
(02:36)} f3 {(05:29)} 27. Qxf3 {(07:05)} Rf8 {(00:
14)} 28. Qd3 {(01:57)} Nf4 {(04:32)} 29. Qd7 {(01:17)} Qh4
{(08:43)} 30. Qg4 {(00:29)} Qh6 {(00:54)} 31. Rd7 {
(00:57)} Be5 {(00:49)} 32. Be3 {(00:28)} g5 {(03:
29)} 33. Rbd1 {(00:30)} Rae8 {(00:34)} 34. Rxb7 {(00:46)}
Qg6 {(00:30)} 35. Rdd7 {(00:32)} h5 {(01:11)} 36. Qd1 {
(00:28)} Nxg2 {(00:16)} 37. Kxg2 {(00:31)} Qxe4+ {(
00:07)} 38. Kg1 {(00:35)} g4 {(02:52)} 39. Bd4 {(00:29)}
Bxd4 {(01:43)} 40. Rxd4 {(00:00)} Qe1+ {(00:00)} 41. Qxe1
{(01:24)} Rxe1+ {(00:39)} 42. Kg2 {(00:23)} gxh3+ {
(11:52)} 43. Kxh3 {(01:13)} Ra1 {(06:05)} 44. Rd3 {
(10:25)} Rxf2 {(00:18)} 45. Ra7 {(02:31)} Rf4 {(01:
33)} 46. c5 {(04:31)} Rh1+ {(02:00)} 47. Kg2 {(04:38)} Rc1
{(02:09)} 48. Rd8+ {(03:39)} Rf8 {(00:07)} 49. Rd3 {
(02:13)} Rf4 {(00:42)} 50. Rd8+ {(02:44)} Rf8 {(00:
05)} 51. Rd3 {(01:34)} Rf4 {(00:04)} 52. Rd8+ {(00:28)}
1/2-1/2